 Dungeon Crawl Stone Soup version 0.29-a0-841-g116ddc6ace (webtiles) character file.

Game seed: 17129282524759919199

53 avis the Shooter (level 3, 0/29 HPs)
             Began as a Demigod Hunter on July 15, 2022.
             Succumbed to an adder's poison
             ... on level 2 of the Dungeon.
             The game lasted 00:10:12 (1873 turns).

avis the Shooter (Demigod Hunter)                   Turns: 1873, Time: 00:10:12

Health: 0/29       AC:  3    Str: 11 (12) XL:     3   Next: 41%
Magic:  5/5        EV: 12    Int:  8 (11) God:
Gold:   160        SH:  0    Dex: 26 (27) Spells: 2/2 levels left

rFire   . . .      SeeInvis .   b - +2 dagger (freeze)
rCold   . . .      Faith    .   (no shield)
rNeg    . . .      Spirit   .   c - +0 leather armour
rPois   .          Reflect  .   (no helmet)
rElec   .          Harm     .   (no cloak)
rCorr   .          Rampage  .   (no gloves)
Will    .....                   (no boots)
Stlth   ++........              (no amulet)
HPRegen 0.09/turn               f - +6 ring of dexterity
MPRegen 0.09/turn               (no ring)

@: lethally poisoned (0 -> -1)
A: high MP 1, forlorn, divine attributes
a: no special abilities


You were on level 2 of the Dungeon.
You visited 1 branch of the dungeon, and saw 3 of its levels.

You collected 160 gold pieces.

Inventory:

Hand Weapons
 a - a +0 shortbow
 b - a +2 dagger of freezing (weapon)
 h - a +0 dagger of flaming
 s - a +0 rapier
Missiles
 i - 2 poisoned darts
 q - 4 boomerangs
Armour
 c - a +0 leather armour (worn)
 m - a +0 buckler
Jewellery
 f - a +6 ring of dexterity (left hand)
 r - a +4 ring of protection
Wands
 o - a wand of iceblast (8)
Scrolls
 d - 2 scrolls of immolation
 k - a scroll of teleportation {unknown}
Potions
 e - a potion of might {unknown}
 g - a potion of curing {unknown}
 j - a potion of lignification {unknown}
 n - a potion of mutation {unknown}
 p - a potion of attraction {unknown}
 t - a potion of heal wounds {unknown}


   Skills:
 - Level 2.0 Fighting
 * Level 4.8 Ranged Weapons
 - Level 1.7 Dodging
 - Level 0.8 Stealth


You had 2 spell levels left.
You didn't know any spells.
Your spell library was empty.

Dungeon Overview and Level Annotations

Branches:
Dungeon (3/15)


Innate Abilities, Weirdness & Mutations

You have an increased reservoir of magic. (+10% MP)
You shall have no god before yourself.
Your divine heritage dramatically boosts your attributes as you level up.


Message History

Press: ? - help, Q - select action, (/) - cycle Shift-Dir - straight line, f - centaur
Aim: a centaur (77% to hit)
You shoot an arrow. The arrow hits the centaur.
The centaur is moderately wounded.
The centaur wields a +0 shortbow.
The centaur shoots an arrow.
The arrow misses you.
An adder comes into view.
Fire: a) +0 shortbow
Press: ? - help, Q - select action, (/) - cycle Shift-Dir - straight line, f/p - centaur
Aim: a centaur, wielding a +0 shortbow (moderately wounded, 77% to hit)
You shoot an arrow. The arrow barely misses the centaur.
The centaur shoots an arrow.
The arrow hits you! The adder bites you.
You are poisoned.
The adder poisons you!
You climb upwards.
You feel sick.
There is a stone staircase leading down here.
Fire: a) +0 shortbow
Press: ? - help, Q - select action, (/) - cycle Shift-Dir - straight line, f - adder
Aim: an adder (54% to hit)
You shoot an arrow. The arrow misses the adder.
You feel sick. The adder bites you.
You are more poisoned.
The adder poisons you! The adder bites you.
Your +2 dagger of freezing glows with a cold blue light!
b - a +2 dagger of freezing (weapon)
You feel sick. The adder bites you.
* * * LOW HITPOINT WARNING * * *
You barely miss the adder.
You feel sick. The adder barely misses you.
You hit the adder. You freeze the adder.
The adder is moderately wounded.
You feel sick. The adder closely misses you.
You closely miss the adder.
The adder is moderately wounded.
You feel sick. The adder bites you.
* * * LOW HITPOINT WARNING * * *
It was a potion of degeneration.
There was something very wrong with that liquid.
You feel weakened.
You feel dopey.
You feel clumsy.
You die...

..##.# #........##.# #.#.#.###
..##.# #.##..#..##.# #<#.#...#
..##.#####.......##.#####.#.###
..##........###.##............#
..###)..........#########.#####
### #...........# #.# ###
#...........# #.#
..###..........S## #.#
................@# #.#
..###...........## #.# ..#
#...........# #.#
..###...........# #.#
.........##.###.# #.#
..######.##.###.# #.#
.....#..........# #.#
.#.###.#.##.##### #.# .#.#
#.#.##.# #.#


You could see an adder.

Vanquished Creatures
  4 ball pythons
  An endoplasm (D:1)
  A giant cockroach (D:1)
  6 goblins
  7 hobgoblins
  4 jackals (D:2)
  6 kobolds
  3 quokkas
  6 bats
  A frilled lizard (D:1)
  7 rats
46 creatures vanquished.

Notes
Turn   | Place    | Note
-------+----------+-------------------------------------------
     0 | D:1      | avis the Demigod Hunter began the quest for the Orb.
     0 | D:1      | Reached XP level 1. HP: 17/17 MP: 3/3
   263 | D:1      | Reached skill level 4 in Ranged Weapons
   267 | D:1      | Reached XP level 2. HP: 24/24 MP: 4/4
  1012 | D:2      | Reached XP level 3. HP: 29/29 MP: 5/5
  1863 | D:3      | Noticed a centaur
  1872 | D:2      | HP: 1/29 [adder (3)]
  1873 | D:2      | Succumbed to an adder's poison

Illustrated notes

Levels and vault maps discovered:
D:1:      roderic_dead_forest, layout_basic, hex_medium
D:2:      layout_basic, basic_altar, nicolae_titane
D:3:      layout_basic, jmf_multi_god_temple, grunt_ministairs_10, uniq_ijyb

Skill      XL: |  1 |
---------------+----+-----
Fighting       | 2 |  2.0
Ranged Weapons | 4 |  4.8
Dodging        | |  1.7
Stealth        | |  0.8

Action                   || total
-------------------------++-------
Melee: Dagger            ||    20
       Punch             ||     1
 Fire: Shortbow          ||    88
  Use: Potion            ||     1
Armor: Leather armour    ||    11
Dodge: Dodged            ||    27

Table legend: (Time is in decaauts)
 A = Elapsed time spent in this place.
 B = Non-inter-level travel time spent in this place.
 C = Inter-level travel time spent in this place.
 D = Time resting spent in this place.
 E = Time spent auto-exploring this place.
 F = Levels seen in this place.
 G = Mean time per level.
                   A        B        C        D        E       F      G
               +--------+--------+--------+--------+--------+-----+--------+
         Total |   1898 |   1726 |    172 |    181 |   1180 |   3 |  632.7 |
       Dungeon |   1898 |   1726 |    172 |    181 |   1180 |   3 |  632.7 |
               +--------+--------+--------+--------+--------+-----+--------+

Top non-repeatable levels by time:
     D:1: 981 daAuts
     D:2: 912 daAuts
     D:3: 4 daAuts
